 Dungeon Crawl Stone Soup version 0.24-a0-585-g5c5dc1b5cb (webtiles) character file.

Game seed: 4280982335599642300, levelgen mode: deterministic

256 MenacingMecha the Cudgeler (level 6, -4/37 HPs)
             Began as a Gargoyle Monk on Sept 7, 2019.
             Slain by an ogre
             ... wielding a cursed -2 giant club
              (20 damage)
             ... on level 4 of the Dungeon.
             The game lasted 00:07:55 (3719 turns).

MenacingMecha the Cudgeler (Gargoyle Monk)          Turns: 3719, Time: 00:07:56

Health: -4/37      AC:  9    Str: 15    XL:     6   Next: 16%
Magic:  6/6        EV: 11    Int: 10    God:
Gold:   141        SH:  0    Dex: 14    Spells: 5/5 levels left

rFire    . . .     SeeInvis .   n - +0 flail
rCold    . . .     Gourm    .   (no shield)
rNeg     + . .     Faith    .   e - +0 ring mail
rPois    ∞         Spirit   .   (no helmet)
rElec    +         Reflect  .   (no cloak)
rCorr    .         Harm     .   (no gloves)
MR       .....                  (no boots)
Stlth    +.........             (no amulet)
HPRegen  0.12/turn              (no ring)
MPRegen  0.10/turn              (no ring)

@: no status effects
A: negative energy resistance 1, electricity resistance, unbreathing,
petrification resistance, rot immunity, AC +4
a: no special abilities


You were on level 4 of the Dungeon.
You were not hungry.

You visited 1 branch of the dungeon, and saw 4 of its levels.

You collected 141 gold pieces.

Inventory:

Hand Weapons
 a - a +1 mace
 n - a +0 flail (weapon)
   (You took it off an orc on level 3 of the Dungeon)
Missiles
 i - 119 stones (quivered)
 k - 8 boomerangs
Armour
 e - a +0 ring mail (worn)
   (You found it on level 1 of the Dungeon)
Wands
 d - a wand of disintegration (6)
   (You found it on level 3 of the Dungeon)
Scrolls
 f - a scroll of remove curse
 h - 6 scrolls of identify
 o - a scroll of blinking {unknown}
Potions
 b - a potion of heal wounds
 j - 2 potions of resistance {unknown}
 l - 2 potions of berserk rage
 m - a potion of flight {unknown}
Comestibles
 c - 5 rations


   Skills:
 - Level 3.2 Fighting
 + Level 6.7 Maces & Flails
 - Level 2.4 Dodging
 - Level 2.1 Stealth


You had 5 spell levels left.
You didn't know any spells.
Your spell library was empty.

Dungeon Overview and Level Annotations

Branches:
Dungeon (4/15)
 Temple: D:4-7

Altars:
Ashenzari
Cheibriados
Makhleb
Yredelemnul

Annotations:
D:4 exclusion: ogre


Innate Abilities, Weirdness & Mutations

You are resistant to torment.
Your stone body is resilient. (AC +4)
You are immune to poison.
You resist negative energy. (rN+)
You are resistant to electric shocks. (rElec)
You can survive without breathing.
You are immune to petrification.
You are immune to rotting.


Message History

You hit the scorpion but do no damage.
The scorpion is severely wounded.
The scorpion closely misses you.
The scorpion stings you but does no damage.
You sock the scorpion!
You kill the scorpion!
Your Maces & Flails skill increases to level 6!
You see here a scorpion corpse.
The scorpion corpse isn't edible.
i - 119 stones (gained 1)
You now have 141 gold pieces (gained 12).
Found an escape hatch in the floor.
There is an escape hatch in the floor here.
An iguana and an orc come into view.
The iguana hisses angrily.
The iguana hisses menacingly.
The iguana moves out of view.
Some of the chunks of flesh in your inventory have rotted away.
You sock the iguana!
The iguana is severely wounded.
The iguana bites you!
There are no items here.
You thump the iguana!
You kill the iguana!
The orc shouts!
A quokka skeleton comes into view.
You see here a scroll labeled TUTSENO RYPSYLL.
o - a scroll labeled TUTSENO RYPSYLL The orc misses you.
The orc hits you but does no damage.
You closely miss the orc. The orc closely misses you.
The quokka skeleton bites you.
You sock the orc!
You kill the orc!
The quokka skeleton closely misses you.
You hit the quokka skeleton.
The quokka skeleton is moderately damaged.
The quokka skeleton bites you but does no damage.
You thump the quokka skeleton!
You destroy the quokka skeleton!
Things that are here:
a +0 club; an orc corpse You butcher the orc corpse.
g - 9 chunks of flesh (gained 3)
Things that are here:
a +0 club; an orc skeleton
Okay, then.
You start resting.
Eating one of 9 chunks of flesh.
You eat one of the 9 chunks of flesh.
This raw flesh tastes terrible.
Some of the chunks of flesh in your inventory have rotted away.
HP restored.
You start waiting.
Some of the chunks of flesh in your inventory have rotted away. x2
Done waiting.
You see here a short sword.
A ball python and an ogre come into view.
Found 11 sling bullets and a scale mail.
Found a stone staircase leading up.
There are monsters nearby!
Unknown command.
You see here a short sword.
All of the chunks of flesh in your inventory have rotted away.
A howler monkey comes into view.
The howler monkey howls!
You hear a shout! x2
An orc priest comes into view. It is wielding a +0 falchion.
The howler monkey barely misses you.
You barely miss the howler monkey. The howler monkey closely misses you.
The orc priest invokes the aid of Beogh against you.
Beogh smites you!
An orc comes into view. It is wielding a +0 flail.
You barely miss the howler monkey. The howler monkey barely misses you.
You hit the howler monkey.
The howler monkey is moderately wounded.
The howler monkey closely misses you. The howler monkey hits you.
You sock the howler monkey!
The howler monkey is almost dead.
The howler monkey hoots and howls with incredible vigour!
The howler monkey hits you but does no damage.
You hear a shout!
You closely miss the howler monkey.
The howler monkey is almost dead.
The howler monkey barely misses you.
You sock the howler monkey!
You kill the howler monkey!
You have reached level 6!
Your experience leads to an increase in your attributes!
Increase (S)trength, (I)ntelligence, or (D)exterity?
You feel agile.
The orc priest invokes the aid of Beogh against you.
Beogh smites you!
Found a stone staircase leading down.
The ogre shouts!
The ogre misses you.
Really walk into a travel-excluded area? [Y]es or [N]o only, please.
Really walk into a travel-excluded area?
The ogre hits you with a cursed -2 giant club!!
Ouch! That really hurt!
You die...

.# #.......# .# #....#..#
# .# ######..).#..... .#
.# #.........##.##..(.
.###.####....##..###.
..##.####....##.....
..........#####..#<
..##.##########...#####
.....)...........@....#
..........#####.O.###.≈≈≈
########...# #.....# #
###.#####o.#.#
#.....o#.#...
########.#.# ###
.......#.#..
.......#.#.>.
.......#.#######


You could see an ogre, an orc priest and an orc.

Vanquished Creatures
  A scorpion (D:4)
  A howler monkey (D:4)
  A bullfrog skeleton (D:2)
  An iguana (D:4)
  2 adders
  3 worms
  A dart slug (D:2)
  3 leopard geckos
  5 orcs
  5 giant cockroaches
  16 goblins
  9 hobgoblins
  8 jackals
  8 bats
  2 frilled lizards (D:2)
  7 kobolds
  A quokka skeleton (D:4)
  3 rats
77 creatures vanquished.

Notes
Turn   | Place    | Note
-------+----------+-------------------------------------------
     0 | D:1      | MenacingMecha the Gargoyle Monk began the quest for the
                  | Orb.
     0 | D:1      | Reached XP level 1. HP: 14/14 MP: 1/1
    83 | D:1      | Reached XP level 2. HP: 12/19 MP: 2/2
   954 | D:2      | Reached skill level 4 in Maces & Flails
   954 | D:2      | Reached XP level 3. HP: 21/23 MP: 3/3
   985 | D:2      | Found a burning altar of Makhleb.
   985 | D:2      | Found a shattered altar of Ashenzari.
   986 | D:2      | Found a snail-covered altar of Cheibriados.
  1163 | D:2      | Reached XP level 4. HP: 25/28 MP: 4/4
  1258 | D:2      | Found a basalt altar of Yredelemnul.
  1466 | D:2      | Reached skill level 5 in Maces & Flails
  2777 | D:3      | Reached XP level 5. HP: 28/32 MP: 5/5
  3397 | D:4      | Reached skill level 6 in Maces & Flails
  3669 | D:4      | Noticed an ogre
  3712 | D:4      | Reached XP level 6. HP: 23/37 MP: 6/6
  3719 | D:4      | Slain by an ogre

Levels and vault maps discovered:
D:1:      matt_arrival_grand_opening, layout_basic
D:2:      layout_basic, nicolae_overflow_quartered_altars, minmay_bisected
D:3:      corexii_shack_village, layout_loops_corners, first_ration
D:4:      layout_basic, okawaru_gym_becter, lightli_temple_of_fire

Skill      XL: |  1  2  3  4  5 |
---------------+----------------+-----
Maces & Flails | 4 5 6 |  6.7
Fighting       | |  3.2
Dodging        | |  2.4
Stealth        | |  2.1

Action                   |  1- 3 |  4- 6 || total
-------------------------+-------+-------++-------
Melee: Mace              |    64 |   171 ||   235
       Flail             |       |    29 ||    29
Throw: Stone             |       |    10 ||    10
  Use: Scroll            |       |     6 ||     6
       Potion            |       |     1 ||     1
 Stab: Sleeping          |     4 |     1 ||     5
  Eat: Chunk             |     1 |     8 ||     9
Armor: Robe              |     7 |       ||     7
       Ring mail         |    17 |    81 ||    98
Dodge: Dodged            |    40 |   132 ||   172

Table legend:
 A = Non-vault XP
 B = Vault XP
 C = Vault XP percentage of total XP
 D = Non-vault monster count
 E = Vault monster count
 F = Vault count percentage of total count
                 A         B        C        D         E       F
            +---------+---------+-------+---------+---------+-------
      Total |     343 |      24 |   6.5 |      65 |      12 |  15.6
            +---------+---------+-------+---------+---------+-------
        D:1 |      27 |       0 |   0.0 |      16 |       0 |   0.0
        D:2 |      78 |       3 |   3.7 |      21 |       1 |   4.5
        D:3 |      58 |      21 |  26.6 |      21 |      11 |  34.4
        D:4 |     180 |       0 |   0.0 |       7 |       0 |   0.0
            +---------+---------+-------+---------+---------+-------

Levels and vault maps discovered:
D:1:      matt_arrival_grand_opening, layout_basic
D:2:      layout_basic, nicolae_overflow_quartered_altars, minmay_bisected
D:3:      corexii_shack_village, layout_loops_corners, first_ration
D:4:      layout_basic, okawaru_gym_becter, lightli_temple_of_fire

Table legend:
 A = Turns spent in this place as a percentage of turns spent in the entire game.
 B = Non-inter-level travel turns spent in this place as a percentage of non-inter-level travel turns spent in the entire game.
 C = Inter-level travel turns spent in this place as a percentage of turns spent in this place.
 D = Turns resting spent in this place as a percentage of non-inter-level travel turns spent in this place.
 E = Turns spent auto-exploring this place as a percentage of non-inter-level travel turns spent in this place.
 F = Non-inter-level travel turns spent in this place divided by the number of levels of this place that you've seen.
                   A       B       C       D       E      F
               +-------+-------+-------+-------+-------+----------------------
         Total | 100.0 | 100.0 |   2.8 |  25.0 |  40.5 | 903.5
       Dungeon | 100.0 | 100.0 |   2.8 |  25.0 |  40.5 | 903.5
               +-------+-------+-------+-------+-------+----------------------

Table legend:
 A = Kills in this place as a percentage of kills in entire the game.
 B = Kills by you in this place as a percentage of kills by you in the entire game.
 C = Kills by friends in this place as a percentage of kills by friends in the entire game.
 D = Other kills in this place as a percentage of other kills in the entire game.
 E = Experience gained in this place as a percentage of experience gained in the entire game.
 F = Experience gained in this place divided by the number of levels of this place that you have seen.
                   A       B       C       D       E      F
               +-------+-------+-------+-------+-------+----------------------
         Total | 100.0 | 100.0 |   N/A |   N/A | 100.0 |  91.8
       Dungeon | 100.0 | 100.0 |   N/A |   N/A | 100.0 |  91.8
               +-------+-------+-------+-------+-------+----------------------
